Workbook
Name Response: [1]Options!$A$1:$A$4

Sheet Summary
A1: ZNB02762/00000/00/HOD/GEN/25/T
A2: Acquisition of integrated Traffic Contravention Management System (TCMS) for KZN Department of Transport
A3: Costing model serves as a template only. Bidder is responsible to ensure that costs are correctly calculated and correctly transposed to the summary sheet.
A4: Bidder Name: | C4: ENTER BIDDER NAME HERE
A6: BID DOC REF: | B6: OVERVIEW OF FUNCTIONALITY | H6: REFER TO THE FOLLOWING DOCUMENT:
A8: NUMBER | B8: FUNCTION/FUNCTIONALITY | H8: Reference Document
A9: 1 | B9: Traffic Contravention Management System (TCMS)
A10: 1.1 | B10: Average Speed over Distance (ASD)
B11: Camera's
B12: Automated Number Plate Recognition (ANPR)
A13: 1.2 | B13: Fixed Speed System
B14: Camera's
B15: Pseudo Camera / Flashers
B16: Automated Number Plate Recognition (ANPR)
A17: 1.3 | B17: Weigh in Motion (WIM)
B18: Weigh in Motion (WIM)
B19: Camera's
B20: Automated Number Plate Recognition (ANPR)
A21: 1.4 | B21: Weighbridge
B22: Fixed Deck
A23: 1.5 | B23: Traffic Offence Processing
B24: Fines
B25: Summons
B26: Warrants of Arrest
B27: Court Processes
A28: 1.6 | B28: Traffic Management Intelligence
A30: 1.7 | B30: Remote Monitoring/Query
A32: 2 | B32: Fine Recovery
A34: 7 | B34: Traffic Control Center
A38: RFB Doc Figure 2 Reference: | B38: Cost Element | H38: Cost Summary
B39: Camera Network | C39: Y1 | D39: Y2 | E39: Y3 | F39: Y4 | G39: Y5
A40: 7 | B40: Integrated Camera Network Management Capability | C40: ='Camera Network'!G205 -> 0 | D40: ='Camera Network'!H205 -> 0 | E40: ='Camera Network'!I205 -> 0 | F40: ='Camera Network'!J205 -> 0 | G40: ='Camera Network'!K205 -> 0 | H40: ='Camera Network'!D205 -> 0
B41: Average Speed Determination System
A42: 1.1 | B42: Section A: National Route 3 between Cato Ridge and Van Reenen’s Pass | C42: ='Camera Network'!G207 -> 0 | D42: ='Camera Network'!H207 -> 0 | E42: ='Camera Network'!I207 -> 0 | F42: ='Camera Network'!J207 -> 0 | G42: ='Camera Network'!K207 -> 0 | H42: ='Camera Network'!D207 -> 0
A43: 1.1 | B43: Section B: National Route 3 between Cato Ridge and the Four Level Interchange | C43: ='Camera Network'!G208 -> 0 | D43: ='Camera Network'!H208 -> 0 | E43: ='Camera Network'!I208 -> 0 | F43: ='Camera Network'!J208 -> 0 | G43: ='Camera Network'!K208 -> 0 | H43: ='Camera Network'!D208 -> 0
A44: 1.1 | B44: Section C: National Route 2 between Illovo River to Umtentweni | C44: ='Camera Network'!G209 -> 0 | D44: ='Camera Network'!H209 -> 0 | E44: ='Camera Network'!I209 -> 0 | F44: ='Camera Network'!J209 -> 0 | G44: ='Camera Network'!K209 -> 0 | H44: ='Camera Network'!D209 -> 0
A45: 1.1 | B45: Section D: Metropolitan Route M13 between Key Ridge and St Johns | C45: ='Camera Network'!G210 -> 0 | D45: ='Camera Network'!H210 -> 0 | E45: ='Camera Network'!I210 -> 0 | F45: ='Camera Network'!J210 -> 0 | G45: ='Camera Network'!K210 -> 0 | H45: ='Camera Network'!D210 -> 0
A46: 1.1, 1.2, 1.3 | B46: Benchmark Traffic Monitoring Sites | C46: ='Camera Network'!G211 -> 0 | D46: ='Camera Network'!H211 -> 0 | E46: ='Camera Network'!I211 -> 0 | F46: ='Camera Network'!J211 -> 0 | G46: ='Camera Network'!K211 -> 0 | H46: ='Camera Network'!D211 -> 0
A47: 1.2 | B47: Fixed Location Speed Enforcement | C47: ='Camera Network'!G212 -> 0 | D47: ='Camera Network'!H212 -> 0 | E47: ='Camera Network'!I212 -> 0 | F47: ='Camera Network'!J212 -> 0 | G47: ='Camera Network'!K212 -> 0 | H47: ='Camera Network'!D212 -> 0
A48: 1.3 | B48: Weigh-in-Motion Traffic Monitoring Sites | C48: ='Camera Network'!G213 -> 0 | D48: ='Camera Network'!H213 -> 0 | E48: ='Camera Network'!I213 -> 0 | F48: ='Camera Network'!J213 -> 0 | G48: ='Camera Network'!K213 -> 0 | H48: ='Camera Network'!D213 -> 0
A49: 1.1, 1.2, 1.3, 1.7 | B49: Query Functionality | C49: ='Camera Network'!G214 -> 0 | D49: ='Camera Network'!H214 -> 0 | E49: ='Camera Network'!I214 -> 0 | F49: ='Camera Network'!J214 -> 0 | G49: ='Camera Network'!K214 -> 0 | H49: ='Camera Network'!D214 -> 0
A50: 1.7 | B50: Fixed and Portable Remote Monitoring Systems | C50: ='Camera Network'!G215 -> 0 | D50: ='Camera Network'!H215 -> 0 | E50: ='Camera Network'!I215 -> 0 | F50: ='Camera Network'!J215 -> 0 | G50: ='Camera Network'!K215 -> 0 | H50: ='Camera Network'!D215 -> 0
A51: 1.1, 1.2, 1.3 | B51: Automatic Number Plate Recognition (ANPR) Vehicles | C51: ='Camera Network'!G216 -> 0 | D51: ='Camera Network'!H216 -> 0 | E51: ='Camera Network'!I216 -> 0 | F51: ='Camera Network'!J216 -> 0 | G51: ='Camera Network'!K216 -> 0 | H51: ='Camera Network'!D216 -> 0
A52: 1.7 | B52: Enhanced Mobile Monitoring App | C52: ='Camera Network'!G217 -> 0 | D52: ='Camera Network'!H217 -> 0 | E52: ='Camera Network'!I217 -> 0 | F52: ='Camera Network'!J217 -> 0 | G52: ='Camera Network'!K217 -> 0 | H52: ='Camera Network'!D217 -> 0
B53: Traffic Contravention Management System (TCMS) | C53: Dev and Implementation | D53: Y1 post go-live | E53: Y2 post go-live | F53: Y3 post go-live | G53: Y4 post go-live
A54: 1.4, 1.5, 1.6 | B54: Application Licensing (per annum x 4 years) | C54: =TrafCon!E12 -> 0 | D54: =TrafCon!F12 -> 0 | E54: =TrafCon!G12 -> 0 | F54: =TrafCon!H12 -> 0 | G54: =TrafCon!I12 -> 0 | H54: =SUM(C54:G54) -> 0
A55: 1.4, 1.5, 1.6 | B55: Development | C55: =TrafCon!E16 -> 0 | D55: =TrafCon!F16 -> 0 | E55: =TrafCon!G16 -> 0 | F55: =TrafCon!H16 -> 0 | G55: =TrafCon!I16 -> 0 | H55: =SUM(C55:G55) -> 0
A56: 1.4, 1.5, 1.6 | B56: Application Implementation Training | C56: =TrafCon!E23 -> 0 | D56: =TrafCon!F23 -> 0 | E56: =TrafCon!G23 -> 0 | F56: =TrafCon!H23 -> 0 | G56: =TrafCon!I23 -> 0 | H56: =SUM(C56:G56) -> 0
A57: 1.4, 1.5, 1.6 | B57: Implementation | C57: =TrafCon!E29 -> 0 | D57: =TrafCon!F29 -> 0 | E57: =TrafCon!G29 -> 0 | F57: =TrafCon!H29 -> 0 | G57: =TrafCon!I29 -> 0 | H57: =SUM(C57:G57) -> 0
A58: 1.4, 1.5, 1.6 | B58: Application Support and Maintenance (per annum x 4 years) | C58: =TrafCon!E32 -> 0 | D58: =TrafCon!F32 -> 0 | E58: =TrafCon!G32 -> 0 | F58: =TrafCon!H32 -> 0 | G58: =TrafCon!I32 -> 0 | H58: =SUM(C58:G58) -> 0
B59: Common Interface | C59: Dev and Implementation | D59: Y1 post go-live | E59: Y2 post go-live | F59: Y3 post go-live | G59: Y4 post go-live
A60: 1.7 | B60: Interface development | C60: ='Common Interface'!D9 -> 0 | D60: ='Common Interface'!E9 -> 0 | E60: ='Common Interface'!F9 -> 0 | F60: ='Common Interface'!G9 -> 0 | G60: ='Common Interface'!H9 -> 0 | H60: =SUM(C60:G60) -> 0
A61: 1.7 | B61: Interface Implementation Training | C61: ='Common Interface'!D13 -> 0 | D61: ='Common Interface'!E13 -> 0 | E61: ='Common Interface'!F13 -> 0 | F61: ='Common Interface'!G13 -> 0 | G61: ='Common Interface'!H13 -> 0 | H61: =SUM(C61:G61) -> 0
A62: 1.7 | B62: Other costs related to interfaces | C62: ='Common Interface'!D17 -> 0 | D62: ='Common Interface'!E17 -> 0 | E62: ='Common Interface'!F17 -> 0 | F62: ='Common Interface'!G17 -> 0 | G62: ='Common Interface'!H17 -> 0 | H62: =SUM(C62:G62) -> 0
A63: 1.7 | B63: Interface Support and Maintenance (per annum x 4 years) | C63: ='Common Interface'!D21 -> 0 | D63: ='Common Interface'!E21 -> 0 | E63: ='Common Interface'!F21 -> 0 | F63: ='Common Interface'!G21 -> 0 | G63: ='Common Interface'!H21 -> 0 | H63: =SUM(C63:G63) -> 0
B64: Fine Recovery | C64: Dev and Implementation | D64: Y1 post go-live | E64: Y2 post go-live | F64: Y3 post go-live | G64: Y4 post go-live
A65: 2 | B65: Development and Implementation | C65: ='Fine Recovery'!D10 -> 0 | D65: ='Fine Recovery'!E10 -> 0 | E65: ='Fine Recovery'!F10 -> 0 | F65: ='Fine Recovery'!G10 -> 0 | G65: ='Fine Recovery'!H10 -> 0 | H65: =SUM(C65:G65) -> 0
A66: 2 | B66: Implementation Training | C66: ='Fine Recovery'!D14 -> 0 | D66: ='Fine Recovery'!E14 -> 0 | E66: ='Fine Recovery'!F14 -> 0 | F66: ='Fine Recovery'!G14 -> 0 | G66: ='Fine Recovery'!H14 -> 0 | H66: =SUM(C66:G66) -> 0
A67: 2 | B67: Other costs related elements | C67: ='Fine Recovery'!D18 -> 0 | D67: ='Fine Recovery'!E18 -> 0 | E67: ='Fine Recovery'!F18 -> 0 | F67: ='Fine Recovery'!G18 -> 0 | G67: ='Fine Recovery'!H18 -> 0 | H67: =SUM(C67:G67) -> 0
A68: 2 | B68: Support and Maintenance (per annum x 4 years) | C68: ='Fine Recovery'!D22 -> 0 | D68: ='Fine Recovery'!E22 -> 0 | E68: ='Fine Recovery'!F22 -> 0 | F68: ='Fine Recovery'!G22 -> 0 | G68: ='Fine Recovery'!H22 -> 0 | H68: =SUM(C68:G68) -> 0
A69: 2 | B69: Fine Recovery Service (Optional) | C69: ='Fine Recovery'!D26 -> 0 | D69: ='Fine Recovery'!E26 -> 0 | E69: ='Fine Recovery'!F26 -> 0 | F69: ='Fine Recovery'!G26 -> 0 | G69: ='Fine Recovery'!H26 -> 0 | H69: =SUM(C69:G69) -> 0
B70: Skills Transfer | C70: Dev and Implementation | D70: Y1 post go-live | E70: Y2 post go-live | F70: Y3 post go-live | G70: Y4 post go-live
A71: See RFB doc 1.2.2 | B71: IT – Application Support x 5 | H71: =SUM(C71:G71) -> 0
A72: See RFB doc 1.2.3 | B72: IT – Technical, Infrastructure, Platform Support x 5 | H72: =SUM(C72:G72) -> 0
A73: See RFB doc 1.2.4 | B73: IT – Interfaces and networks x 3 | H73: =SUM(C73:G73) -> 0
A74: See RFB doc 1.2.5 | B74: Business Super User x 10 | H74: =SUM(C74:G74) -> 0
B75: TOTALS | C75: Dev and Implementation | D75: Y1 post go-live | E75: Y2 post go-live | F75: Y3 post go-live | G75: Y4 post go-live | H75: TOTAL BID PRICE
B76: TOTAL (excl. VAT) | C76: =SUM(C40:C74) -> 0 | D76: =SUM(D40:D74) -> 0 | E76: =SUM(E40:E74) -> 0 | F76: =SUM(F40:F74) -> 0 | G76: =SUM(G40:G74) -> 0 | H76: =SUM(C76:G76) -> 0
B77: VAT @ 14% | C77: =C76*0.14 -> 0 | D77: =D76*0.14 -> 0 | E77: =E76*0.14 -> 0 | F77: =F76*0.14 -> 0 | G77: =G76*0.14 -> 0 | H77: =SUM(C77:G77) -> 0
B78: TOTAL (incl. VAT) | C78: =C76+C77 -> 0 | D78: =D76+D77 -> 0 | E78: =E76+E77 -> 0 | F78: =F76+F77 -> 0 | G78: =G76+G77 -> 0 | H78: =SUM(C78:G78) -> 0

Sheet Camera Network
B1: Columns in grey shading indicate that no costing is to be provided for these cost items
B2: Costs spanning multiple years must make provision for annual increase at CPI rate
B3: The detailed costing must correlate with summary costing
B4: App must be developed and implemented within 12 months at maximum, and thereafter support and maintenance for remaining 4 years contract duration.
A6: Spec Ref Number:
A7: 3 Integrated Camera Network Management Capability
A9: PAYMENT REFERS TO | B9: ITEM NO | C9: DESCRIPTION | D9: NO. | E9: UNIT | F9: QUANTITY | G9: RATE | H9: AMOUNT | I9: INFRASTRUCTURE | J9: MONTHLY AMOUNT
A11: 3.2 | C11: Establishment and Operation of an Integrated Camera Network Management Capability
B13: 3.3 | C13: Establishment and Operation of Integrated Camera Network Management Capability | D13: 1 | E13: Month | F13: =12*5 -> 60
C16: TOTAL CARRIED FORWARD TO SUMMARY OF SCHEDULE OF QUANTITIES
A20: 4 Average Speed Determination System
A22: PAYMENT REFERS TO | B22: ITEM NO | C22: DESCRIPTION | D22: NO. | E22: UNIT | F22: QUANTITY | G22: RATE | H22: AMOUNT | I22: INFRASTRUCTURE | J22: MONTHLY AMOUNT
C23: Section A: National Route 3 between Cato Ridge and Van Reenen’s Pass
A25: 4.2 | C25: Establishment of an ASD System and Service
B27: 4.3.1 | C27: Supply, delivery and installation of cantilever poles | D27: 0 | E27: No | F27: -
B29: 4.3.2 | C29: Supply, install, operate and maintain an ASD station
B31: 4.3.2 | C31: An ASD Station Monitoring two lanes and shoulders | D31: 18 | E31: Month | F31: 1080
B33: 4.3.2 | C33: An ASD Station Monitoring three lanes and shoulders | D33: 2 | E33: 60 | F33: 120
B35: 4.3.3 | C35: Supply, install and maintain an imitation ASD station | D35: 5 | E35: No | F35: 300
B37: 4.3.4 | C37: Supply and install ASD information signs | D37: 0 | E37: No | F37: -
A40: TOTAL CARRIED FORWARD TO SUMMARY OF SCHEDULE OF QUANTITIES
A44: PAYMENT REFERS TO | B44: ITEM NO | C44: DESCRIPTION | D44: NO. | E44: UNIT | F44: QUANTITY | G44: RATE | H44: AMOUNT | I44: INFRASTRUCTURE | J44: MONTHLY AMOUNT
C46: Section B: National Route 3 between Cato Ridge and the Four Level Interchange
A48: 4.2 | C48: Establishment of an ASD System and Service
B51: 4.3.1 | C51: Supply, delivery and installation of cantilever poles | D51: 14 | E51: No | F51: 14
B53: 4.3.2 | C53: Supply, install, operate and maintain an ASD station
B55: 4.3.2 | C55: An ASD Station Monitoring three lanes and shoulders | D55: 11 | E55: Month | F55: 660
B57: 4.3.3 | C57: Supply, install and maintain an imitation ASD station | D57: 3 | E57: No | F57: 3
B59: 4.3.4 | C59: Supply and install ASD information signs | D59: 22 | E59: No | F59: 22
A62: TOTAL CARRIED FORWARD TO SUMMARY OF SCHEDULE OF QUANTITIES
A66: PAYMENT REFERS TO | B66: ITEM NO | C66: DESCRIPTION | D66: NO. | E66: UNIT | F66: QUANTITY | G66: RATE | H66: AMOUNT | I66: INFRASTRUCTURE | J66: MONTHLY AMOUNT
C68: Section C: National Route 2 between Illovo River to Umtenweni
A70: 4.2 | C70: Establishment of an ASD System and Service
B72: 4.3.1 | C72: Supply, delivery and installation of cantilever poles | D72: 14 | E72: No | F72: 14
B74: 4.3.2 | C74: Supply, install, operate and maintain an ASD station
B76: 4.3.2 | C76: An ASD Station Monitoring a single lane and shoulders | D76: 0 | E76: Month | F76: -
B78: 4.3.2 | C78: An ASD Station Monitoring two lanes and shoulders | D78: 8 | E78: Month | F78: 480
B80: 4.3.3 | C80: Supply, install and maintain an imitation ASD station | D80: 6 | E80: No | F80: 6
B82: 4.3.4 | C82: Supply and install ASD information signs | D82: 20 | E82: No | F82: 20
A85: TOTAL CARRIED FORWARD TO SUMMARY OF SCHEDULE OF QUANTITIES
A89: PAYMENT REFERS TO | B89: ITEM NO | C89: DESCRIPTION | D89: NO. | E89: UNIT | F89: QUANTITY | G89: RATE | H89: AMOUNT | I89: INFRASTRUCTURE | J89: MONTHLY AMOUNT
C91: Section D: Metropolitan Route M13 between Key Ridge and St Johns
A93: 4.3 | C93: Establishment of an ASD System and Service
B95: 4.3.1 | C95: Supply, delivery and installation of cantilever poles | D95: 0 | E95: No | F95: -
B97: 4.3.2 | C97: Supply, install, operate and maintain an ASD station
B99: 4.3.2 | C99: An ASD Station Monitoring two lanes and shoulders | D99: 6 | E99: Month | F99: 360
B101: 4.3.3 | C101: Supply, install and maintain an imitation ASD station | D101: 0 | E101: No | F101: -
B103: 4.3.4 | C103: Supply and install ASD information signs | D103: 0 | E103: No | F103: -
A106: TOTAL CARRIED FORWARD TO SUMMARY OF SCHEDULE OF QUANTITIES
A109: 5 Benchmark Traffic Monitoring Sites
A111: PAYMENT REFERS TO | B111: ITEM NO | C111: DESCRIPTION | D111: NO. | E111: UNIT | F111: QUANTITY | G111: RATE | H111: AMOUNT | I111: INFRASTRUCTURE | J111: MONTHLY AMOUNT
A113: 5.2 | C113: Establishment of Benchmark Traffic Monitoring Stations and Service
B115: 5.3 | C115: Benchmark traffic monitoring stations data collection | D115: 41 | E115: Month | F115: =41*60 -> 2460
A117: TOTAL CARRIED FORWARD TO SUMMARY OF SCHEDULE OF QUANTITIES
A121: 6 Fixed Location Speed Enforcement
A123: PAYMENT REFERS TO | B123: ITEM NO | C123: DESCRIPTION | D123: NO. | E123: UNIT | F123: QUANTITY | G123: RATE | H123: AMOUNT | I123: INFRASTRUCTURE | J123: MONTHLY AMOUNT
A125: 6.2 | C125: Establishment of Fixed Location Speed Enforcement Sites
B127: 6.3 | C127: Fixed Location Speed Enforcement Equipment | D127: 8 | E127: Month | F127: 480
B129: 6.3 | C129: Flashers - per flasher per month - includes rotating all devices weekly + produce monthly management report | D129: 15 | E129: Month | F129: =12*5 -> 60
B131: 6.3 | C131: 3 monthly speed site maintenance (incl piezo sensors) - 60 months / 3 monthly maintenance = 20 | D131: 1 | E131: Month | F131: =(12*5)/3 -> 20
A134: TOTAL CARRIED FORWARD TO SUMMARY OF SCHEDULE OF QUANTITIES
A138: 7 Weigh-in-Motion Traffic Monitoring
A140: PAYMENT REFERS TO | B140: ITEM NO | C140: DESCRIPTION | D140: NO. | E140: UNIT | F140: QUANTITY | G140: RATE | H140: AMOUNT | I140: INFRASTRUCTURE | J140: MONTHLY AMOUNT
A142: 7.2 | C142: Establishment of Weigh-in-Motion Traffic Monitoring Stations and Service
B144: 7.3 | C144: Weigh-in-motion data collection - existing sites | D144: 20 | E144: Month | F144: =D144*60 -> 1200
B145: 7.3 | C145: Weigh-in-motion data collection - additional sites | D145: 9 | E145: Month | F145: =D145*60 -> 540
A147: TOTAL CARRIED FORWARD TO SUMMARY OF SCHEDULE OF QUANTITIES
A151: 8 Query Functionality
A153: PAYMENT REFERS TO | B153: ITEM NO | C153: DESCRIPTION | D153: NO. | E153: UNIT | F153: QUANTITY | G153: RATE | H153: AMOUNT | I153: INFRASTRUCTURE | J153: MONTHLY AMOUNT
A155: 8.2 | C155: Establishment of Query Functionality and Service
B157: 8.3 | C157: Establishment and Maintenance of Query Functionality | D157: 1 | E157: Month | F157: 60
A159: TOTAL CARRIED FORWARD TO SUMMARY OF SCHEDULE OF QUANTITIES
A163: 9 Fixed and Portable Remote Monitoring Systems
A165: PAYMENT REFERS TO | B165: ITEM NO | C165: DESCRIPTION | D165: NO. | E165: UNIT | F165: QUANTITY | G165: RATE | H165: AMOUNT | I165: INFRASTRUCTURE | J165: MONTHLY AMOUNT
A167: 9.2 | C167: Establishment of Fixed and Mobile Remote Monitoring Systems
B169: 9.3.1 | C169: Supply and maintain Fixed Remote Monitoring Systems | D169: 7 | E169: Month | F169: 420
B171: 9.3.2 | C171: Supply and maintain Portable Remote Monitoring Systems | D171: 6 | E171: Month | F171: 360
B173: 9.3.3 | C173: Provide training workshops every 2 months | D173: 30 | E173: Each | F173: 30
A175: TOTAL CARRIED FORWARD TO SUMMARY OF SCHEDULE OF QUANTITIES
A179: 10 Automatic Number Plate Recognition (ANPR) Vehicles
A181: PAYMENT REFERS TO | B181: ITEM NO | C181: DESCRIPTION | D181: NO. | E181: UNIT | F181: QUANTITY | G181: RATE | H181: AMOUNT | I181: INFRASTRUCTURE | J181: MONTHLY AMOUNT
A183: 10.1 | C183: Provision of Automatic Number Plate Recognition (ANPR) Systems for Vehicles
B185: 10.2 | C185: Supply, Install and Maintain ANPR systems in Department owned vehicles | D185: 30 | E185: Month | F185: 180
A187: TOTAL CARRIED FORWARD TO SUMMARY OF SCHEDULE OF QUANTITIES
A189: 11 Enhanced Mobile Monitoring App
A191: Cost Type | B191: Spec Ref | C191: COST ITEM | D191: QTY TYPE | E191: QTY | F191: Dev and Implementation | G191: Y1 post go-live | H191: Y2 post go-live | I191: Y3 post go-live | J191: Y4 post go-live | K191: TOTAL
A192: Licensing | B192: 11 | C192: Enhanced Mobile Monitoring App (if applicable) | D192: Number of users | E192: 786 | F192: 0
A193: Development | B193: 11 | C193: Development and customisation | D193: Per Specification | E193: 1 | G193: 0 | H193: 0 | I193: 0 | J193: 0 | K193: 0
A194: User Training | B194: 11 | C194: Traffic Law Enforcement app training | D194: Number of users | E194: 786 | G194: 0 | H194: 0 | I194: 0 | J194: 0 | K194: 0
A195: Implementation | B195: 11 | C195: System Testing | D195: Cycles | E195: 3 | G195: 0 | H195: 0 | I195: 0 | J195: 0 | K195: 0
A196: Implementation | B196: 11 | C196: Change Management (10 sessions) | D196: Number of sessions | E196: 10 | G196: 0 | H196: 0 | I196: 0 | J196: 0 | K196: 0
A197: Support and Maintenance | B197: 11 | C197: Post-implementation support (6 months) | D197: Months | E197: 6 | G197: 0 | H197: 0 | I197: 0 | J197: 0 | K197: 0
A198: Support and Maintenance | B198: 11 | C198: Application Support and Maintenance including App | D198: Years | E198: 4 | F198: 0
F199: =SUM(F192:F198) -> 0 | G199: =SUM(G192:G198) -> 0 | H199: =SUM(H192:H198) -> 0 | I199: =SUM(I192:I198) -> 0 | J199: =SUM(J192:J198) -> 0 | K199: =SUM(K192:K198) -> 0
B201: Summary of Schedule of Quantities
B202: PAYMENT | D202: A+B = C TOTAL BID AMOUNT OVER 5 YEARS | E202: A: TOTAL INFRASTRUCTURE AMOUNT OVER 5 YEARS | F202: B: TOTAL NON-INFRASTRUCTURE AMOUNT OVER 5 YEARS | G202: Y1 TOTAL COSTS (Y1 portion of C) | H202: Y2 TOTAL COSTS (Y2 portion of C) | I202: Y3 TOTAL COSTS (Y3 portion of C) | J202: Y4 TOTAL COSTS (Y4 portion of C) | K202: Y5 TOTAL COSTS (Y5 portion of C) | L202: CROSS CHECK - MUST EQUAL TO C
B203: REFERS | C203: DESCRIPTION
B204: TO (See Spec)
B205: 3 | C205: =C13 -> Establishment and Operation of Integrated Camera Network Management Capability | D205: =E205+F205 -> 0 | E205: =I16 -> 0 | F205: =H16 -> 0 | L205: =SUM(G205:K205) -> 0
B206: 4 | C206: Average Speed Determination System | D206: - | E206: - | F206: - | G206: - | H206: - | I206: - | J206: - | K206: - | L206: -
...

Sheet TrafCon
A1: Solution development and implementation to be completed in a maximum allowable timeframe of 12 months.
A2: After go-live Application Support and Maintenance will be in effect for a period of 4 years.
A3: 0 | B3: Columns in grey shading indicate that no costing is to be provided for these cost items
A5: RFB Doc Figure 2 Reference: | B5: COST ITEM | C5: QTY TYPE | D5: QTY | E5: Dev and Implementation | F5: Y1 post go-live | G5: Y2 post go-live | H5: Y3 post go-live | I5: Y4 post go-live | J5: TOTAL
A6: Application Licensing
A7: 1.4, 1.5, 1.6, 1.7 | B7: Administrator: Department (4 users) | C7: Number of users | D7: 4 | E7: 0
A8: 1.5 | B8: TrafCon module (300 users) | C8: Number of users | D8: 300 | E8: 0
A9: 1.5 | B9: Image Processing module (40 users) | C9: Number of users | D9: 40 | E9: 0
A10: 1.4 | B10: Weigh-bridge module (150 users) | C10: Number of users | D10: 150 | E10: 0
A11: 1.7 | B11: Traffic Law Enforcement app (if applicable) | C11: Number of users | D11: 786 | E11: 0
A12: SUB- TOTAL | E12: 0 | F12: =SUM(F7:F11) -> 0 | G12: =SUM(G7:G11) -> 0 | H12: =SUM(H7:H11) -> 0 | I12: =SUM(I7:I11) -> 0 | J12: =SUM(J7:J11) -> 0
A13: Development
A14: 1.4, 1.5, 1.6, 1.7 | B14: Customisation | C14: Per Specification | D14: 1 | F14: 0 | G14: 0 | H14: 0 | I14: 0 | J14: 0
A15: 1.4, 1.5, 1.6, 1.7 | B15: Integration Implementation | C15: Per Specification | D15: 1 | F15: 0 | G15: 0 | H15: 0 | I15: 0 | J15: 0
A16: SUB- TOTAL | E16: =SUM(E14:E15) -> 0 | F16: 0 | G16: 0 | H16: 0 | I16: 0 | J16: 0
A17: Application Implementation Training
A18: 1.4, 1.5, 1.6, 1.7 | B18: Administrator: Department (4 users) | C18: Number of users | D18: 4 | F18: 0 | G18: 0 | H18: 0 | I18: 0 | J18: 0
A19: 1.5 | B19: TrafCon module (300 users) | C19: Number of users | D19: 300 | F19: 0 | G19: 0 | H19: 0 | I19: 0 | J19: 0
A20: 1.5 | B20: Image Processing module (40 users) | C20: Number of users | D20: 40 | F20: 0 | G20: 0 | H20: 0 | I20: 0 | J20: 0
A21: 1.4 | B21: Weigh-bridge module (150 users) | C21: Number of users | D21: 150 | F21: 0 | G21: 0 | H21: 0 | I21: 0 | J21: 0
A22: 1.7 | B22: Traffic Law Enforcement app | C22: Number of users | D22: 786 | F22: 0 | G22: 0 | H22: 0 | I22: 0 | J22: 0
A23: SUB- TOTAL | E23: =SUM(E18:E22) -> 0 | F23: 0 | G23: 0 | H23: 0 | I23: 0 | J23: 0
A24: Implementation
A25: 1.4, 1.5, 1.6, 1.7 | B25: System Testing | C25: Cycles | D25: 3 | F25: 0 | G25: 0 | H25: 0 | I25: 0 | J25: 0
A26: 1.4, 1.5, 1.6, 1.7 | B26: Change Management (5 sessions x 20 users) | C26: Number of sessions | D26: 5 | F26: 0 | G26: 0 | H26: 0 | I26: 0 | J26: 0
A27: 1.4, 1.5, 1.6, 1.7 | B27: User Testing (5 users) | C27: Number of users | D27: 5 | F27: 0 | G27: 0 | H27: 0 | I27: 0 | J27: 0
A28: 1.4, 1.5, 1.6, 1.7 | B28: Post-implementation support (3 months) | C28: Months | D28: 3 | F28: 0 | G28: 0 | H28: 0 | I28: 0 | J28: 0
A29: SUB- TOTAL | E29: =SUM(E25:E28) -> 0 | F29: 0 | G29: 0 | H29: 0 | I29: 0 | J29: 0
A30: Post Implementation Operational Support
A31: 1.4, 1.5, 1.6, 1.7 | B31: Application Support and Maintenance including App | C31: Years | D31: 4 | E31: 0
A32: SUB- TOTAL | E32: 0 | F32: =SUM(F31) -> 0 | G32: =SUM(G31) -> 0 | H32: =SUM(H31) -> 0 | I32: =SUM(I31) -> 0 | J32: =SUM(J31) -> 0
A33: TOTAL (excl. VAT) | E33: =E32+E29+E23+E16+E12 -> 0 | F33: =F32+F29+F23+F16+F12 -> 0 | G33: =G32+G29+G23+G16+G12 -> 0 | H33: =H32+H29+H23+H16+H12 -> 0 | I33: =I32+I29+I23+I16+I12 -> 0 | J33: =J32+J29+J23+J16+J12 -> 0
A34: VAT @ 14% | E34: =E33*0.14 -> 0 | F34: =F33*0.14 -> 0 | G34: =G33*0.14 -> 0 | H34: =H33*0.14 -> 0 | I34: =I33*0.14 -> 0 | J34: =J33*0.14 -> 0
A35: TOTAL (incl. VAT) | E35: =E34+E33 -> 0 | F35: =F34+F33 -> 0 | G35: =G34+G33 -> 0 | H35: =H34+H33 -> 0 | I35: =I34+I33 -> 0 | J35: =J34+J33 -> 0

Sheet Common Interface
A1: Solution development and implementation to be completed in a maximum allowable timeframe of 12 months.
A2: There will however be a need to develop the design specifications for all the interfaces within a period of 2 months so that other solution components (refer TCMS RFB document) that are dependent on these interfaces can continue with development whilst the interface development continues in parallel.
A3: After go-live Application Support and Maintenance will be in effect for a period of 4 years.
A4: 0 | B4: Columns in grey shading indicate that no costing is to be provided for these cost items
A6: DEVELOPMENT & IMPLEMENTATION
A7: COST ITEM | B7: QTY TYPE | C7: QTY | D7: Dev and Implementation | E7: Y1 post go-live | F7: Y2 post go-live | G7: Y3 post go-live | H7: Y4 post go-live
A8: Interface Development | B8: Per Specification | C8: TOTAL: 11 9 Defined interfaces 2 additional interfaces to be developed in Y2 and Y3 | E8: 0 | H8: 0
A9: SUB- TOTAL | D9: =D8 -> 0 | E9: 0 | F9: =F8 -> 0 | G9: =G8 -> 0 | H9: 0
A10: Implementation Training
A11: COST ITEM | B11: QTY TYPE | C11: QTY | D11: Dev and Implementation | E11: Y1 post go-live | F11: Y2 post go-live | G11: Y3 post go-live | H11: Y4 post go-live
A12: Administrator Training: | B12: Number of delegates | C12: 5 | E12: 0 | F12: 0 | G12: 0 | H12: 0
A13: SUB- TOTAL | D13: =D12 -> 0 | E13: 0 | F13: =F12 -> 0 | G13: =G12 -> 0 | H13: 0
A14: Other cost elements
A15: COST ITEM | B15: QTY TYPE | C15: QTY | D15: Dev and Implementation | E15: Y1 post go-live | F15: Y2 post go-live | G15: Y3 post go-live | H15: Y4 post go-live
A16: Any applicable licenses not provided by KZN DoT | B16: Dependent on approach and platform of bidder - See requirements in spec section 5 defining the licenses that are to be provided by KZN DoT. Any other licenses required are to be included in bid price. | C16: As per bidder's proposed platform
A17: SUB- TOTAL | D17: =D16 -> 0 | E17: 0 | F17: =F16 -> 0 | G17: =G16 -> 0 | H17: 0
A18: Post Implementation Operational Support
A19: COST ITEM | B19: QTY TYPE | C19: QTY | D19: Dev and Implementation | E19: Y1 post go-live | F19: Y2 post go-live | G19: Y3 post go-live | H19: Y4 post go-live
A20: Interface Support and Maintenance | B20: See requirements in spec section 5.1.6 with regards to support and maintenance costs for devices. All costs associated with implementing this requirement are to be factored into overall bid price | C20: 4 | D20: 0
A21: SUB- TOTAL | D21: 0 | E21: =E20 -> 0 | F21: =F20 -> 0 | G21: =G20 -> 0 | H21: =H20 -> 0
A22: TOTAL (excl. VAT) | D22: =D21+D17+D13+D9 -> 0 | E22: =E21+E17+E13+E9 -> 0 | F22: =F21+F17+F13+F9 -> 0 | G22: =G21+G17+G13+G9 -> 0 | H22: =H21+H17+H13+H9 -> 0
A23: VAT @ 14% | D23: =D22*0.14 -> 0 | E23: =E22*0.14 -> 0 | F23: =F22*0.14 -> 0 | G23: =G22*0.14 -> 0 | H23: =H22*0.14 -> 0
A24: TOTAL (incl. VAT) | D24: =D23+D22 -> 0 | E24: =E23+E22 -> 0 | F24: =F23+F22 -> 0 | G24: =G23+G22 -> 0 | H24: =H23+H22 -> 0

Sheet Fine Recovery
A1: Solution development and implementation to be completed in a maximum allowable timeframe of 12 months.
A2: After go-live Application Support and Maintenance will be in effect for a period of 4 years.
A3: 0 | B3: Columns in grey shading indicate that no costing is to be provided for these cost items
A5: DEVELOPMENT & IMPLEMENTATION
A6: COST ITEM | B6: QTY TYPE | C6: QTY | D6: Dev and Implementation | E6: Y1 post go-live | F6: Y2 post go-live | G6: Y3 post go-live | H6: Y4 post go-live
A7: Website Development and mobi-site development with payment processing capability | B7: Per Specification | C7: 1 | E7: 0 | F7: 0 | G7: 0 | H7: 0
A8: Mobile app with payment processing capability | B8: Per Specification | C8: 1 | E8: 0 | F8: 0 | G8: 0 | H8: 0
A9: Administration and Reporting module | B9: Per Specification | C9: 1 | E9: 0 | F9: 0 | G9: 0 | H9: 0
A10: SUB- TOTAL | D10: =SUM(D7:D9) -> 0 | E10: 0 | F10: 0 | G10: 0 | H10: 0
A11: Implementation Training
A12: COST ITEM | B12: QTY TYPE | C12: QTY | D12: Y1 | E12: Y2 | F12: Y3 | G12: Y4 | H12: Y5
A13: Administrator Training: | B13: Number of delegates | C13: 3 | E13: 0 | F13: 0 | G13: 0 | H13: 0
A14: SUB- TOTAL | D14: =D13 -> 0 | E14: 0 | F14: 0 | G14: 0 | H14: 0
A15: Other cost elements
A16: COST ITEM | B16: QTY TYPE | C16: QTY | D16: Dev and Implementation | E16: Y1 post go-live | F16: Y2 post go-live | G16: Y3 post go-live | H16: Y4 post go-live
A17: Any applicable licenses not provided by KZN DoT | B17: Dependent on approach and platform of bidder - See requirements in spec section 5 defining the licenses that are to be provided by KZN DoT. Any other licenses required are to be included in bid price. | C17: As per bidder's proposed platform
A18: SUB- TOTAL | D18: =D17 -> 0 | E18: =E17 -> 0 | F18: =F17 -> 0 | G18: =G17 -> 0 | H18: =H17 -> 0
A19: Post Implementation Operational Support
A20: COST ITEM | B20: QTY TYPE | C20: QTY | D20: Dev and Implementation | E20: Y1 post go-live | F20: Y2 post go-live | G20: Y3 post go-live | H20: Y4 post go-live
A21: Full Solution Support and Maintenance - includes hosting costs if hosted solution is proposed by bidder | B21: See requirements in spec section 5.1.6 with regards to support and maintenance costs for devices. All costs associated with implementing this requirement are to be factored into overall bid price | C21: 4 | D21: 0
A22: SUB- TOTAL | D22: 0 | E22: =E21 -> 0 | F22: =F21 -> 0 | G22: =G21 -> 0 | H22: =H21 -> 0
A23: Fine Recovery Fee (Optional)
A24: COST ITEM | B24: QTY TYPE | C24: QTY | D24: Dev and Implementation | E24: Y1 post go-live | F24: Y2 post go-live | G24: Y3 post go-live | H24: Y4 post go-live
A25: Fine Recovery Service | B25: Re-imbursed only for revenue recovered above the current collection rate, at a per transaction fee. I.e. (Total number of recovered fines - current number of fines recovered) x Bidder's transaction fee | C25: For costing purposes the following volumes should be used however re-imbursement will be based on actuals I.e. Cost = Bidders transaction Fee x indicative volumes below Dev and Implementation: 5000 Y1: 6000 Y2: 7000 Y3: 8000 Y4: 9000 Y5: 10000 | D25: 0
A26: SUB- TOTAL | D26: 0 | E26: =E25 -> 0 | F26: =F25 -> 0 | G26: =G25 -> 0 | H26: =H25 -> 0
A27: TOTAL (excl. VAT) | D27: =D22+D18+D14+D10+D26 -> 0 | E27: =E22+E18+E14+E10+E26 -> 0 | F27: =F22+F18+F14+F10+F26 -> 0 | G27: =G22+G18+G14+G10+G26 -> 0 | H27: =H22+H18+H14+H10+H26 -> 0
A28: VAT @ 14% | D28: =D27*0.14 -> 0 | E28: =E27*0.14 -> 0 | F28: =F27*0.14 -> 0 | G28: =G27*0.14 -> 0 | H28: =H27*0.14 -> 0
A29: TOTAL (incl. VAT) | D29: =D28+D27 -> 0 | E29: =E28+E27 -> 0 | F29: =F28+F27 -> 0 | G29: =G28+G27 -> 0 | H29: =H28+H27 -> 0
